 Dungeon Crawl Stone Soup version 0.25-a0-292-gaa31f046c4 (webtiles) character file.

Game seed: 9799791591821015348, levelgen mode: classic

55525 Borgoz the Carver (level 14, -4/130 HPs)
             Began as a Minotaur Monk on Dec 15, 2019.
             Was a High Priest of Ashenzari.
             Slain by a four-headed hydra (13 damage)
             ... on level 1 of the Swamp.
             The game lasted 00:52:37 (24563 turns).

Borgoz the Carver (Minotaur Monk)                  Turns: 24563, Time: 00:52:37

Health: -4/130     AC: 21    Str: 19    XL:     14   Next: 38%
Magic:  0/17       EV: 18    Int:  7    God:    Ashenzari [*****.]
Gold:   105        SH:  0    Dex: 15    Spells: 13/13 levels left

rFire    + . .     SeeInvis +   b - +2 scimitar (flame)
rCold    . . .     Gourm    .   (no shield)
rNeg     + . .     Faith    .   j - +5 scale mail {rPois}
rPois    +         Spirit   +   A - +2 hat of the Bear Spirit {Spirit, +Rage rN+ MR++}
rElec    +         Reflect  .   k - +2 cloak {rF+}
rCorr    .         Harm     .   I - +0 pair of gloves of the Bells {Stlth+}
MR       ++++.     Clarity  +   (no boots)
Stlth    ++++++....             L - amulet of rage (curse)
HPRegen  0.31/turn              n - ring of Shadows {Umbra +Inv Stlth+}
MPRegen  0.15/turn              E - ring of Elyvilon's Displeasure {rElec MR+}

@: berserk cooldown, slowed, wreathed by umbra, very slow
A: retaliatory headbutt, horns 2
a: Curse Item, Scrying, Transfer Knowledge, Renounce Religion, Evoke Berserk
Rage, Evoke Invisibility


You were on level 1 of the Swamp.
You worshipped Ashenzari.
Ashenzari was extremely pleased with you.
You were near starving.

You visited 5 branches of the dungeon, and saw 22 of its levels.
You also visited: Bailey and Volcano.

You collected 3321 gold pieces.
You spent 3216 gold pieces at shops.

Inventory:

Hand Weapons
 a - a +4 great sword of freezing
 b - a +2 scimitar of flaming (weapon)
Missiles
 B - 5 throwing nets (quivered)
Armour
 f - a +2 chain mail of fire resistance
 i - a +0 shield of reflection
 j - a +5 scale mail of poison resistance (worn)
 k - a +2 cloak of fire resistance (worn)
 A - the +2 hat of the Bear Spirit (worn) {Spirit, +Rage rN+ MR++}
   (You bought it in a shop on level 2 of the Orcish Mines)

   It protects you from negative energy.
   It affects your resistance to hostile enchantments.
   It lets you go berserk.
 I - the +0 pair of gloves of the Bells (worn) {Stlth+}
   (You bought it in a shop on level 2 of the Orcish Mines)

   It makes you more stealthy.
Jewellery
 n - the ring of Shadows (left hand) {Umbra +Inv Stlth+}
   (You bought it in a shop on level 2 of the Orcish Mines)

   [ring of stealth]

   It lets you turn invisible.
   It makes you more stealthy.
 s - an uncursed ring of protection from magic
 E - the ring of Elyvilon's Displeasure (right hand) {rElec MR+}
   (You bought it in a shop on level 6 of the Dungeon)

   [ring of protection from magic]

   It insulates you from electricity.
   It affects your resistance to hostile enchantments.
 L - a cursed amulet of rage (around neck)
 M - an uncursed ring of fire
Wands
 q - a wand of digging (7)
 w - a wand of paralysis (6)
 x - a wand of scattershot (7)
 z - a wand of flame (87)
 P - a wand of iceblast (7)
 U - a wand of acid (12)
Scrolls
 g - 12 scrolls of remove curse
 h - 2 scrolls of teleportation
 l - a scroll of fear
 o - 4 scrolls of magic mapping
 p - 3 scrolls of identify
Potions
 d - 3 potions of agility
 e - a potion of curing
 v - 2 potions of lignification
 C - a potion of might
 D - 3 potions of invisibility
 F - 2 potions of berserk rage
 G - a potion of resistance
 H - a potion of ambrosia
 R - a potion of haste
Comestibles
 c - 38 rations


   Skills:
 * Level 13.9 Fighting
 * Level 13.9 Long Blades
 * Level 13.5 Armour
 * Level 12.9 Dodging
 + Level 7.9 Stealth
 + Level 6.1 Evocations


You had 13 spell levels left.
You didn't know any spells.
Your spell library contained the following spells:

 Spells                   Type           Power        Failure   Level  Hunger
 Animate Skeleton         Necr           N/A          71%         1    ##.....
 Freeze                   Ice            #...         71%         1    ##.....
 Magic Dart               Conj           #...         71%         1    ##.....
 Pain                     Necr           #...         71%         1    ##.....
 Summon Small Mammal      Summ           #...         71%         1    ##.....
 Blink                    Tloc           N/A          85%         2    ###....
 Call Imp                 Summ           #.......     85%         2    ###....
 Corpse Rot               Necr/Air       N/A          85%         2    ###....
 Passwall                 Tmut/Erth      #.......     85%         2    ###....
 Slow                     Hex            #.......     85%         2    ###....
 Swiftness                Chrm/Air       #.......     85%         2    ###....
 Call Canine Familiar     Summ           #.......     97%         3    ####...
 Conjure Flame            Conj/Fire      #.......     97%         3    ####...
 Mephitic Cloud           Conj/Pois/Air  #.......     97%         3    ####...
 Ozocubu's Armour         Chrm/Ice       #.......     97%         3    ####...
 Regeneration             Chrm/Necr      #.........   97%         3    ####...
 Stone Arrow              Conj/Erth      #.....       97%         3    ####...
 Summon Guardian Golem    Hex/Summ       #.......     97%         3    ####...
 Vampiric Draining        Necr           #.........   97%         3    ####...
 Animate Dead             Necr           N/A          100%        4    #####..
 Hailstorm                Conj/Ice       #.......     100%        4    #####..
 Passage of Golubria      Tloc           N/A          100%        4    #####..
 Summon Ice Beast         Ice/Summ       #.......     100%        4    #####..
 Summon Lightning Spire   Summ/Air       #.......     100%        4    #####..
 Lee's Rapid Deconstruct  Erth           #.........   100%        5    ######.
 Silence                  Hex/Air        #.........   100%        5    ######.
 Summon Forest            Summ/Tloc      #.........   100%        5    ######.
 Conjure Ball Lightning   Conj/Air       #.........   100%        6    #######
 Darkness                 Hex            #.........   100%        6    #######
 Deflect Missiles         Chrm/Air       #.........   100%        6    #######
 Eringya's Noxious Bog    Tmut/Pois      #.........   100%        6    #######
 Hydra Form               Tmut           #.........   100%        6    #######
 Invisibility             Hex            #.......     100%        6    #######
 Summon Hydra             Summ           #.........   100%        7    #######
 Tornado                  Air            #.........   100%        9    #######


Dungeon Overview and Level Annotations

Branches:
Dungeon (12/15)            Temple (1/1) D:7            Lair (6/6) D:8
  Swamp (1/4) Lair:3        Snake (0/4) Lair:4        Slime (0/5) Lair:6
    Orc (2/2) D:10            Elf (0/3) Orc:2        Bailey (visited)
Volcano (visited)

Altars:
Ashenzari
Cheibriados
Dithmenos
Elyvilon
Fedhas
Gozag
Hepliaklqana
Kikubaaqudgha
Makhleb
Nemelex Xobeh
Okawaru
Qazlal
Ru
Sif Muna
Trog
Uskayaw
Vehumet
Wu Jian
Xom
Yredelemnul
Zin
The Shining One

Shops:
D:6 =   D:9 %   Orc:2 [*(:


Innate Abilities, Weirdness & Mutations

You reflexively headbutt those who attack you in melee.
You have a pair of horns on your head.


Message History

The four-headed hydra is heavily wounded.
The four-headed hydra bites you but does no damage.
The four-headed hydra misses you.
The four-headed hydra bites you but does no damage.
The four-headed hydra bites you!
* * * LOW HITPOINT WARNING * * *
The swamp dragon breathes poison at you.
The blast of poison engulfs you but does no damage.
You are poisoned.
You resist.
You feel better. The four-headed hydra bites you!
* * * LOW HITPOINT WARNING * * *
The four-headed hydra bites you but does no damage. x2
The four-headed hydra barely misses you.
The swamp dragon misses you.
The swamp dragon claws you but does no damage.
The swamp dragon completely misses you. The four-headed hydra misses you.
The four-headed hydra bites you. The four-headed hydra misses you.
The four-headed hydra bites you!
You die...

♣♣♣≈.≈≈.....≈≈≈≈.♣ **
♣≈≈..≈≈≈≈≈..≈≈≈..♣♣. ,,
♣♣♣..≈≈.≈≈≈≈♣♣≈......≈ ≈ ,,
≈ ♣..♣..≈.§.≈≈♣♣§.≈≈..≈ ,
♣≈♣♣≈≈♣♣..♣♣♣♣.≈≈...≈≈≈. ,
, ♣♣♣♣♣♣♣.....≈♣.≈.≈♣* ..
♣♣.).♣♣.<...☼..≈≈.♣♣ /..,,
≈ ♣♣.≈≈≈≈.≈≈.≈≈§☼D≈≈≈.♣≈..≈
, ,
♣≈.≈≈≈♣≈.≈≈≈☼§@D≈≈≈.....≈≈≈
,,
♣♣♣≈♣♣♣♣[≈≈≈≈○♣♣.≈≈≈≈≈≈≈≈ ,
, ♣♣♣ ♣♣♣.≈≈♣♣♣♣)≈≈≈≈≈≈≈≈ ,
♣≈.♣♣ ♣≈≈≈≈≈≈≈≈ ≈ ♣♣♣♣
♣♣♣.≈≈≈≈≈ * *** *≈≈≈≈≈. ,**
* *>, ,,≈ ,..♣♣♣ * *** ,≈≈
, ≈ ..$♣* , **≈ ≈ ,≈≈≈ ,
..≈♣ , ,*


You could see a four-headed hydra and a swamp dragon.

Vanquished Creatures
  Donald (Swamp:1)
  An orc warlord (Orc:2)
  A dire elephant (Lair:6)
  Snorg (Lair:3)
  An ettin (Orc:2)
  Harold (D:8)
  3 hydras
  Erolcha (D:11)
  The ghost of Ideim the Carver, a journeyman DsGl of Hepliaklqana (Orc:1)
  A merfolk avatar (Lair:6)
  Erica (D:11)
  The ghost of Ge0ff the Basher, a journeyman KoGl of Yredelemnul (D:10)
  6 orc high priests
  2 sea snakes (Lair:6)
  Pikel (D:5)
  5 orc knights
  2 lindwurms (Volcano)
  An ugly thing (D:11)
  An oklob plant (Lair:5)
  A manticore (D:11)
  4 orc sorcerers
  Maurice (D:8)
  A centaur zombie (D:11)
  3 elephants (Lair:6)
  A molten gargoyle (Volcano)
  A black mamba (Lair:5)
  7 spiny frogs
  3 rime drakes
  5 komodo dragons
  2 efreet (Volcano)
  A merfolk (D:9)
  5 trolls
  5 polar bears
  A hornet (Lair:6)
  9 hippogriffs
  Prince Ribbit (D:5)
  13 blink frogs
  3 tyrant leeches
  2 spriggans (Lair:2)
  7 fire elementals
  15 yaks
  Grum (D:11)
  3 basilisks
  2 vampire mosquitoes (Swamp:1)
  3 wargs
  4 nagas (Lair:4)
  2 swamp worms
  18 water moccasins
  4 porcupines
  4 slaves (D:5)
  2 black bears
  2 sky beasts
  32 orc warriors
  3 phantoms
  A necrophage (D:8)
  An eye of draining (D:11)
  3 ogres
  9 wolves
  6 centaurs
  12 crocodiles
  21 bullfrogs
  A big kobold (D:7)
  5 earth elementals (Volcano)
  4 scorpions
  10 killer bees
  9 wights (D:8)
  5 electric eels
  4 howler monkeys
  A lava snake (Lair:6)
  5 hounds
  3 crimson imps
  A bullfrog skeleton (D:8)
  3 bullfrog zombies (D:5)
  3 jellies
  26 orc wizards
  2 centaur skeletons
  20 orc priests
  3 iguanas
  13 worker ants
  2 hound skeletons
  A howler monkey zombie (D:8)
  19 gnolls
  16 adders
  4 shadow imps
  An adder skeleton (D:4)
  2 adder zombies
  3 worms
  4 dart slugs
  10 leopard geckos
  65 orcs
  2 ball pythons
  6 bats
  A giant cockroach (D:3)
  25 goblins
  17 hobgoblins
  17 jackals
  9 kobolds
  5 quokkas
  3 frilled lizards
  2 leopard gecko skeletons
  A quokka skeleton (D:4)
  8 rats
597 creatures vanquished.

Vanquished Creatures (others)
  A fire vortex (Volcano)
  9 fungi
  12 plants
22 creatures vanquished.

Grand Total: 619 creatures vanquished

Notes
Turn   | Place    | Note
-------+----------+-------------------------------------------
     0 | D:1      | Borgoz the Minotaur Monk began the quest for the Orb.
     0 | D:1      | Reached XP level 1. HP: 19/19 MP: 0/0
   116 | D:1      | Reached XP level 2. HP: 23/27 MP: 1/1
   378 | D:1      | Reached skill level 1 in Armour
   577 | D:1      | Reached XP level 3. HP: 33/33 MP: 2/2
  1187 | D:2      | Reached XP level 4. HP: 37/41 MP: 3/3
  1745 | D:2      | Reached XP level 5. HP: 43/47 MP: 4/4
  2212 | D:3      | Found a blossoming altar of Fedhas.
  2540 | D:4      | Reached skill level 5 in Fighting
  2556 | D:4      | Reached skill level 5 in Long Blades
  2556 | D:4      | Reached XP level 6. HP: 56/56 MP: 5/5
  3128 | D:5      | Entered Level 5 of the Dungeon
  3180 | D:5      | Reached skill level 5 in Dodging
  3180 | D:5      | Reached XP level 7. HP: 61/61 MP: 6/6
  3268 | D:5      | Noticed Pikel
  3865 | D:6      | Found Cousoimo's Jewellery Boutique.
  4264 | D:6      | Found a snail-covered altar of Cheibriados.
  4287 | D:6      | Reached skill level 5 in Armour
  4287 | D:6      | Reached XP level 8. HP: 51/71 MP: 7/7
  4697 | D:6      | Identified the +4 war axe "Pendulum" {chop, rF+}
  5115 | D:7      | Found a staircase to the Ecumenical Temple.
  5197 | Temple   | Entered the Ecumenical Temple
  5207 | Temple   | Became a worshipper of Ashenzari the Shackled
  5207 | Temple   | Reached * piety under Ashenzari
  5207 | Temple   | Reached ** piety under Ashenzari
  5987 | D:8      | Reached XP level 9. HP: 77/79 MP: 8/8
  6033 | D:8      | Noticed Harold
  6061 | D:8      | Killed Harold
  6368 | D:8      | Noticed Maurice
  6384 | D:8      | Paralysed by something for 2 turns
  6421 | D:8      | Identified the +12 halberd of Paitruax {chop, MR+} (You
                  | found it on level 8 of the Dungeon)
  6551 | D:8      | Found a glowing golden altar of the Shining One.
  6618 | D:8      | Found a staircase to the Lair.
  6741 | D:8      | Killed Maurice
  6803 | D:8      | Reached XP level 10. HP: 85/91 MP: 9/9
  7184 | D:9      | Found a hide-covered altar of Uskayaw.
  7228 | D:9      | Found Wumuyl's Food Shop.
  7290 | D:9      | Found a flagged portal.
  7434 | Bailey   | Entered a bailey
  7491 | Bailey   | Noticed an orc high priest
  7491 | Bailey   | Noticed an orc high priest
  7492 | Bailey   | Found an iron altar of Okawaru.
  7498 | Bailey   | Noticed a smoke demon
  7501 | Bailey   | Killed an orc high priest
  7506 | Bailey   | Killed an orc high priest
  7506 | Bailey   | Reached skill level 5 in Stealth
  7506 | Bailey   | Reached skill level 1 in Evocations
  8029 | Bailey   | Noticed an orc knight
  8038 | Bailey   | Killed an orc knight
  8742 | Bailey   | Reached skill level 10 in Fighting
  8742 | Bailey   | Reached skill level 10 in Long Blades
  8772 | Bailey   | Noticed an orc knight
  8778 | Bailey   | Killed an orc knight
  8836 | Bailey   | Identified a scroll of acquirement
  9456 | D:9      | Reached XP level 11. HP: 86/99 MP: 11/11
  9524 | D:10     | Entered Level 10 of the Dungeon
  9590 | D:10     | Found a runed translucent gate.
  9592 | D:10     | Found a runed translucent gate.
  9592 | D:10     | Found a runed translucent gate.
  9593 | D:10     | Noticed Ge0ff's ghost (journeyman KoGl)
  9593 | D:10     | Noticed a 12-headed hydra
 10075 | D:10     | Found a staircase to the Orcish Mines.
 10078 | D:10     | Reached *** piety under Ashenzari
 10451 | D:11     | Noticed a brown ugly thing
 10471 | D:11     | Noticed Erica
 10478 | D:11     | Killed a brown ugly thing
 10489 | D:11     | Killed Erica
 10748 | D:11     | Noticed Grum
 10763 | D:11     | Killed Grum
 10767 | D:11     | Reached skill level 10 in Armour
 10794 | D:11     | Noticed Erolcha
 10800 | D:11     | Killed Erolcha
 10800 | D:11     | Reached skill level 10 in Dodging
 11791 | D:5      | Killed Pikel
 11807 | D:5      | Noticed Prince Ribbit
 11823 | D:5      | Killed Prince Ribbit
 11845 | D:5      | Found an opulent altar of Gozag.
 11848 | D:5      | Found a bloodstained altar of Trog.
 11851 | D:5      | Found a radiant altar of Vehumet.
 12165 | D:6      | Bought the ring of Elyvilon's Displeasure {rElec MR+} for
                  | 429 gold pieces
 12276 | Lair:1   | Entered Level 1 of the Lair of Beasts
 12820 | Lair:1   | Noticed a four-headed hydra
 12831 | Lair:1   | Killed a one-headed hydra
 12831 | Lair:1   | Reached XP level 12. HP: 105/110 MP: 13/13
 13012 | Lair:1   | Reached **** piety under Ashenzari
 14376 | Lair:3   | Noticed Snorg
 14385 | Lair:3   | Killed Snorg
 14544 | Lair:3   | Found a staircase to the Swamp.
 15420 | Lair:4   | Found a staircase to the Snake Pit.
 15707 | Lair:4   | Reached ***** piety under Ashenzari
 15713 | Lair:4   | Noticed a five-headed hydra
 15721 | Lair:4   | Killed a one-headed hydra
 15805 | Lair:5   | Reached XP level 13. HP: 97/119 MP: 15/15
 16791 | Lair:6   | Entered Level 6 of the Lair of Beasts
 17225 | Lair:6   | Reached skill level 5 in Evocations
 17390 | Lair:6   | Noticed a dire elephant
 17404 | Lair:6   | Killed a dire elephant
 17428 | Lair:6   | HP: 3/119 [blink frog (13)]
 18513 | Lair:6   | Found a staircase to the Slime Pits.
 18555 | Lair:6   | Identified the +5 glaive "Mohoudac" {chop, +Inv rC++ Int-2
                  | Dex+3}
 19525 | D:10     | Killed Ge0ff's ghost
 19603 | Orc:1    | Entered Level 1 of the Orcish Mines
 19947 | Orc:1    | Found a large runed translucent door.
 19949 | Orc:1    | Found a large runed translucent door.
 19950 | Orc:1    | Noticed Ideim's ghost (journeyman DsGl)
 20515 | Orc:1    | Killed Ideim's ghost
 20568 | Orc:2    | Entered Level 2 of the Orcish Mines
 20577 | Orc:2    | Noticed an ettin
 20591 | Orc:2    | Killed an ettin
 20623 | Orc:2    | Found a dark tunnel.
 20692 | Orc:2    | Found a staircase to the Elven Halls.
 20754 | Volcano  | Entered a volcano
 22063 | Orc:2    | Reached XP level 14. HP: 56/129 MP: 17/17
 22069 | Orc:2    | Noticed an orc warlord
 22941 | Orc:2    | Killed an orc warlord
 23425 | Orc:2    | HP: 3/130 [orc priest/divine providence (12)]
 23434 | Orc:2    | HP: 4/130 [orc high priest/divine providence (9)]
 23972 | Orc:2    | Found Xelluf's General Store.
 23973 | Orc:2    | Found Akunuaff's Book Shoppe.
 23975 | Orc:2    | Found Uvomoate's Antique Armour Emporium.
 23975 | Orc:2    | Found Naha's Antique Weapon Emporium.
 24059 | Orc:2    | Bought the +2 hat of the Bear Spirit {Spirit, +Rage rN+
                  | MR++} for 1251 gold pieces
 24059 | Orc:2    | Found the +2 hat of the Bear Spirit {Spirit, +Rage rN+
                  | MR++}
 24059 | Orc:2    | Bought a pair of bloodstained gloves for 304 gold pieces
 24059 | Orc:2    | Bought a scorched scale mail for 288 gold pieces
 24059 | Orc:2    | Bought a steaming chain mail for 304 gold pieces
 24088 | Orc:2    | Identified the +0 pair of gloves of the Bells {Stlth+} (You
                  | bought it in a shop on level 2 of the Orcish Mines)
 24100 | Orc:2    | Identified the +4 chain mail "Jyhiadar" {rN+} (You bought
                  | it in a shop on level 2 of the Orcish Mines)
 24115 | Orc:2    | Bought the ring of Shadows {Umbra +Inv Stlth+} for 640 gold
                  | pieces
 24115 | Orc:2    | Found the ring of Shadows {Umbra +Inv Stlth+}
 24480 | Swamp:1  | Entered Level 1 of the Swamp
 24515 | Swamp:1  | Noticed Donald
 24544 | Swamp:1  | Killed Donald
 24563 | Swamp:1  | Slain by a four-headed hydra

Levels and vault maps discovered:
D:1:      nicolae_arrival_somewhat_less_tricky_arrival, layout_loops_ring
D:2:      layout_basic
D:3:      layout_basic, marbit_many_paths
D:4:      layout_cave_pools, kennysheep_small_square
D:5:      layout_loops_ring, grunt_temple_overflow_diamond, first_ration,
          uniq_pikel, uniq_prince_ribbit1
D:6:      layout_basic, kennysheep_slug_shrine, serial_shops, shop
D:7:      layout_cave_pools, minmay_temple_entry_mini_moons
D:8:      layout_loops_ring, lemuel_doored_altar, lair_entry_dummy, uniq_harold,
          uniq_maurice
D:9:      layout_loops_ring, serial_shops, nicolae_shop_window_shopping,
          enter_bailey_3, basic_altar, hangedman_fish_farm,
          minmay_misc_feat_doors
D:10:     cheibrodos_helix_gallery, layout_long_grid, orc_0_dummy,
          gammafunk_ghost_hydra_chop
D:11:     layout_big_octagon, uniq_grum, uniq_erolcha, uniq_erica
D:12:     layout_irregular_city, uniq_sonja
Temple:   eino_temple_rhombus
Lair:1:   layout_regular_city
Lair:2:   layout_regular_city, forest_entry_grove
Lair:3:   layout_cave_pods, minmay_swamp_entry_worms, small_statue_intersection,
          lemuel_fruit_tree, uniq_snorg
Lair:4:   layout_cave_shapes, guppyfry_snake_entry_garden, grunt_megastairs_2
Lair:5:   layout_cave_pods, infiniplex_staircase_pool
Lair:6:   gammafunk_lair_ancient_temple, layout_gridlike,
          dpeg_slime_entry_corner
Swamp:1:  layout_basic_swamp, serial_swamp_ruin, evilmike_swamp_ruin_rubble_1,
          evilmike_swamp_ruin_house_1, uniq_donald
Orc:1:    layout_caves, ebering_ghost_disaster_area
Orc:2:    st_orc_congregation, layout_caves, enter_volcano_1

Skill      XL: |  1  2  3  4  5  6  7  8  9 10 11 12 13 14 |
---------------+-------------------------------------------+-----
Armour         | 1 2 3 5 6 8 9 10 11 13 | 13.5
Fighting       | 4 5 6 7 9 10 11 12 13 | 13.9
Long Blades    | 4 5 6 7 8 10 11 12 13 | 13.9
Stealth        | 2 3 4 5 6 7 |  7.9
Dodging        | 4 5 6 8 9 10 11 12 | 12.9
Evocations     | 2 3 4 5 6 |  6.1

Action                   |  1- 3 |  4- 6 |  7- 9 | 10-12 | 13-15 || total
-------------------------+-------+-------+-------+-------+-------++-------
Melee: Falchion          |    76 |     3 |   113 |       |       ||   192
       Headbutt          |    11 |    30 |    88 |   145 |   156 ||   430
       Short sword       |       |   174 |   202 |       |       ||   376
       Long sword        |       |       |    56 |   264 |       ||   320
       Scimitar          |       |       |       |   340 |   309 ||   649
       Double sword      |       |       |       |    13 |       ||    13
       Great sword       |       |       |       |       |   274 ||   274
Throw: Throwing net      |       |       |       |     1 |       ||     1
Invok: Curse Item        |       |       |       |     2 |       ||     2
 Abil: Evoke Berserk Rag |       |       |       |     5 |     5 ||    10
Evoke: Wand              |       |       |       |     6 |     5 ||    11
  Use: Potion            |       |       |     2 |     1 |     9 ||    12
       Scroll            |       |       |     9 |    18 |    10 ||    37
 Stab: Sleeping          |       |     3 |     4 |     6 |     5 ||    18
       Distracted        |       |       |       |     1 |     3 ||     4
       Held in net/web   |       |       |       |     1 |       ||     1
  Eat: Chunk             |     1 |     6 |    12 |    32 |    23 ||    74
       Ration            |       |       |       |       |     3 ||     3
Armor: Robe              |     9 |     7 |       |       |       ||    16
       Ring mail         |       |    17 |   112 |   171 |    74 ||   374
       Scale mail        |       |       |       |       |   118 ||   118
Dodge: Dodged            |    51 |    82 |   187 |   486 |   456 ||  1262
Block: Other             |    10 |    23 |    49 |     2 |       ||    84
       Reflection        |       |       |     4 |       |       ||     4
       Rpst.: Falchion   |    18 |     1 |    15 |       |       ||    34
       Long sword        |       |       |     5 |    34 |       ||    39
       Scimitar          |       |       |       |    82 |    50 ||   132
       Double sword      |       |       |       |     2 |       ||     2
       Great sword       |       |       |       |       |    52 ||    52

Table legend:
 A = Non-vault XP
 B = Vault XP
 C = Vault XP percentage of total XP
 D = Non-vault monster count
 E = Vault monster count
 F = Vault count percentage of total count
                 A         B        C        D         E       F
            +---------+---------+-------+---------+---------+-------
      Total |   35214 |   44108 |  55.6 |     399 |     194 |  32.7
            +---------+---------+-------+---------+---------+-------
        D:1 |      50 |       0 |   0.0 |      25 |       0 |   0.0
        D:2 |     173 |       0 |   0.0 |      34 |       0 |   0.0
        D:3 |     114 |       3 |   2.6 |      22 |       1 |   4.3
        D:4 |     314 |      52 |  14.2 |      20 |       2 |   9.1
        D:5 |     356 |     915 |  72.0 |      13 |       2 |  13.3
        D:6 |    1142 |       4 |   0.3 |      28 |       1 |   3.4
        D:7 |     578 |       0 |   0.0 |      15 |       0 |   0.0
        D:8 |    1465 |    1516 |  50.9 |      26 |       2 |   7.1
        D:9 |     908 |     317 |  25.9 |      14 |       5 |  26.3
       D:10 |    1155 |    2070 |  64.2 |      22 |       4 |  15.4
       D:11 |    3964 |    2401 |  37.7 |      36 |       6 |  14.3
     Lair:1 |    4016 |       0 |   0.0 |      16 |       0 |   0.0
     Lair:2 |    2373 |    1185 |  33.3 |      13 |       7 |  35.0
     Lair:3 |    2433 |    1552 |  38.9 |      11 |       3 |  21.4
     Lair:4 |    4121 |    1826 |  30.7 |      17 |      10 |  37.0
     Lair:5 |    2879 |       0 |   0.0 |      14 |       0 |   0.0
     Lair:6 |    3164 |    9400 |  74.8 |      14 |      25 |  64.1
    Swamp:1 |    1064 |    1933 |  64.5 |       5 |       1 |  16.7
      Orc:1 |    1450 |     934 |  39.2 |      15 |       1 |   6.2
      Orc:2 |    3495 |   11787 |  77.1 |      39 |      65 |  62.5
     Bailey |       0 |    4186 | 100.0 |       0 |      43 | 100.0
    Volcano |       0 |    4027 | 100.0 |       0 |      16 | 100.0
            +---------+---------+-------+---------+---------+-------
